 Dungeon Crawl Stone Soup version 0.22-a0-480-g991dd4b2b4 (webtiles) character file.

21 JUnderhill the Firebug (level 2, -6/19 HPs)
             Began as a Demonspawn Fire Elementalist on June 16, 2018.
             Mangled by a gnoll
             ... wielding a +2 flail of protection
              (7 damage)
             ... on level 3 of the Dungeon.
             The game lasted 00:00:47 (899 turns).

JUnderhill the Firebug (DsFE)                        Turns: 899, Time: 00:00:48

Health: -6/19      AC:  3    Str:  8    XL:     2   Next: 65%
Magic:  5/5        EV: 11    Int: 16    God:
Gold:   44         SH:  0    Dex: 13    Spells: 4/5 levels left

rFire    . . .     SeeInvis .   g - +2 dagger (venom)
rCold    . . .     Gourm    .   (no shield)
rNeg     . . .     Faith    .   i - +0 leather armour
rPois    .         Spirit   .   (no helmet)
rElec    .         Reflect  .   (no cloak)
rCorr    .         Harm     .   (no gloves)
MR       .....                  (no boots)
Stlth    ++........             (no amulet)
HPRegen  0.06/turn              (no ring)
MPRegen  0.09/turn              (no ring)

@: no status effects
A: claws 1
a: no special abilities


You were on level 3 of the Dungeon.
You were not hungry.

You visited 1 branch of the dungeon, and saw 3 of its levels.

You collected 44 gold pieces.

Inventory:

Hand Weapons
 g - a +2 dagger of venom (weapon)
Armour
 a - a +0 robe
 i - a +0 leather armour (worn)
Scrolls
 d - a scroll of fear {unknown}
 e - 3 scrolls of teleportation {unknown}
 h - a scroll of remove curse {unknown}
Potions
 b - a potion of heal wounds {unknown}
 f - a potion of lignification {unknown}
Comestibles
 c - 2 rations


   Skills:
 + Level 1.7 Short Blades
 - Level 1.7 Dodging
 - Level 1.7 Stealth
 - Level 2.0 Spellcasting
 - Level 1.0 Conjurations
 - Level 3.0 Fire Magic


You had 4 spell levels left.
You knew the following spells:

 Your Spells              Type           Power        Failure   Level  Hunger
a - Flame Tongue          Conj/Fire      #....        13%         1    #......

Your spell library contained the following spells:

 Spells                   Type           Power        Failure   Level  Hunger
 Fireball                 Conj/Fire      #.........   98%         5    ######.
 Conjure Flame            Conj/Fire      #.......     36%         3    ###....
 Throw Flame              Conj/Fire      #.....       21%         2    ###....
 Sticky Flame             Conj/Fire      #.......     78%         4    #####..
 Inner Flame              Hex/Fire       #.......     43%         3    ###....


Dungeon Overview and Level Annotations

Branches:
Dungeon (3/15)

Altars:


Innate Abilities, Weirdness & Mutations

You have sharp fingernails.


Message History

The gnoll is heavily wounded.
The gnoll barely misses you. x2
You hit the gnoll but do no damage.
The gnoll looks as sick as possible!
The gnoll is heavily wounded.
The gnoll hits you with a spear.
You hit the gnoll.
The gnoll is severely wounded.
The gnoll hits you with a flail of protection.
The gnoll hits you with a spear!
* * * LOW HITPOINT WARNING * * *
You are too injured to fight recklessly!
You are too injured to fight recklessly!
You are too injured to fight recklessly!
You are too injured to fight recklessly!
Unknown command.
You are too injured to fight recklessly!
Unknown command.
You kill the gnoll!
The gnoll hits you with a flail of protection!
You die...

## .. < .#
#####.#####
....####..........
..........<#
.....###(###.#
.....gg@.....#
%.....)....#..#
.........#....#
?....##......##
..... ..##.###
#... ### .# ... #
...


You could see 2 gnolls.

Vanquished Creatures
  A gnoll (D:3)
  A dart slug (D:1)
  2 goblins (D:1)
  2 hobgoblins (D:1)
  A kobold (D:1)
  3 rats
10 creatures vanquished.

Notes
Turn   | Place    | Note
-------+----------+-------------------------------------------
     0 | D:1      | JUnderhill the Demonspawn Fire Elementalist began the quest for the Orb.
     0 | D:1      | Reached XP level 1. HP: 13/13 MP: 3/3
   328 | D:1      | Reached skill level 3 in Fire Magic
   743 | D:1      | Reached skill level 1 in Short Blades
   743 | D:1      | Gained mutation: You have sharp fingernails. [demonic ancestry]
   743 | D:1      | Reached XP level 2. HP: 19/19 MP: 5/5
   899 | D:3      | Mangled by a gnoll

Vault maps used:
D:1:      dpeg_arrival_oval, corexii_leaking_fountain, bh_walls_and_bars
D:2:      kennysheep_the_goblin_king, lightli_temple_of_fire, serial_forest,
          infiniplex_forest_lined_1, infiniplex_forest_end_double,
          infiniplex_forest_3_way, infiniplex_forest_corner_1,
          infiniplex_forest_lined_2, infiniplex_forest_split
D:3:      first_ration, chequers_ecumenical_altar_twisty

Skill      XL: |  1 |
---------------+----+-----
Fire Magic     | 3 |  3.0
Short Blades   | 1 |  1.7
Dodging        | |  1.7
Stealth        | |  1.7
Spellcasting   | |  2.0
Conjurations   | |  1.0

Action                   || total
-------------------------++-------
Melee: Dagger            ||    19
       Unarmed           ||     4
 Cast: Flame Tongue      ||     6
 Stab: Sleeping          ||     2
Dodge: Dodged            ||    17

Table legend:
 A = Spawn XP
 B = Non-spawn XP
 C = Spawn XP percentage of total XP
 D = Spawn monster count
 E = Non-spawn monster count
 F = Spawn count percentage of total count
 G = Total turns spent on level
                    A         B        C        D         E        F      G
               +---------+---------+-------+---------+---------+-------+---------
         Total |       0 |      31 |   0.0 |       0 |      10 |   0.0 |   899
               +---------+---------+-------+---------+---------+-------+---------
           D:1 |       0 |      15 |   0.0 |       0 |       8 |   0.0 |   873
           D:2 |       0 |       1 |   0.0 |       0 |       1 |   0.0 |    14
           D:3 |       0 |      15 |   0.0 |       0 |       1 |   0.0 |    12
               +---------+---------+-------+---------+---------+-------+---------
